 Dungeon Crawl Stone Soup version 0.31-a0-868-g674d60d6f7 (webtiles) character file.

Game seed: 3279440324021141491

46 Azuregosa the Magician (level 3, 0/19 HPs)
             Began as a Deep Elf Wanderer on Oct 11, 2023.
             Slain by an adder (1 damage)
             ... on level 2 of the Dungeon.
             The game lasted 00:07:32 (1141 turns).

Azuregosa the Magician (Deep Elf Wanderer)          Turns: 1141, Time: 00:07:33

Health: 0/19       AC:  2    Str:  6    XL:     3   Next: 44%
Magic:  4/11       EV: 12    Int: 22    God:
Gold:   76         SH:  0    Dex: 13    Spells: 8/12 levels left

rFire   . . .        a - +0 dagger
rCold   . . .        (no shield)
rNeg    . . .        d - +0 robe
rPois   .            (no helmet)
rElec   .            (no cloak)
rCorr   .            (no gloves)
SInv    .            (no boots)
Will    +....        (no amulet)
Stlth   +            (no ring)
HPRegen 0.23/turn    (no ring)
MPRegen 0.12/turn

%: no passive effects
@: enlightened, flying, very slightly contaminated
A: no striking features
a: no special abilities


You were on level 2 of the Dungeon.
You visited 1 branch of the dungeon, and saw 2 of its levels.

You collected 76 gold pieces.

Inventory:

Hand Weapons
 a - a +0 dagger (weapon)
Missiles
 b - 7 boomerangs (quivered)
 e - 3 javelins
Armour
 d - a +0 robe (worn)
Scrolls
 c - a scroll of fear
 f - a scroll of teleportation {unknown}
 g - 2 scrolls of identify {unknown}
 h - a scroll of torment {unknown}
 i - 2 scrolls of enchant weapon {unknown}


   Skills:
 - Level 1.0 Throwing
 - Level 1.2 Dodging
 + Level 5.4 Spellcasting
 - Level 1.1 Ice Magic
 + Level 4.6 Air Magic


You had 8 spell levels left.
You knew the following spells:

 Your Spells              Type           Power      Damage    Failure   Level
a - Shock                 Conj/Air       64%        1d7       3%          1
b - Swiftness             Air            26%        N/A       4%          3

Your spell library contained the following spells:

 Spells                   Type           Power      Damage    Failure   Level
 Freeze                   Ice            40%        1d6       6%          1
 Cigotuvi's Dreadful Rot  Necr/Pois/Air  24%        N/A       8%          2
 Frozen Ramparts          Ice            20%        1d4       19%         3


Dungeon Overview and Level Annotations

Branches:
Dungeon (2/15)

Altars:

Annotations:
D:2 Terence


Message History

Aim: an adder (heavily wounded, 53% to hit)
The zap hits the adder.
The adder is heavily wounded.
You feel sick.
The frilled lizard bites you but does no damage.
The adder barely misses you.
Casting: Shock (safe; 3% risk of failure)
Confirm with . or Enter, or press ? or * to list all spells.
Aiming: Shock (safe; 3% risk of failure)
Press: ? - help, Shift-Dir - straight line, f/p - adder
Aim: an adder (heavily wounded, 53% to hit)
You miscast Shock.
Nothing appears to happen.
You feel sick. The adder closely misses you.
The frilled lizard closely misses you. The adder bites you.
Casting: Shock (safe; 3% risk of failure)
Confirm with . or Enter, or press ? or * to list all spells.
Aiming: Shock (safe; 3% risk of failure)
Press: ? - help, Shift-Dir - straight line, f/p - adder
Aim: an adder (heavily wounded, 53% to hit)
The zap hits the adder.
The adder is severely wounded.
You feel sick. The frilled lizard closely misses you. The adder misses you.
Casting: Shock (safe; 3% risk of failure)
Confirm with . or Enter, or press ? or * to list all spells.
Aiming: Shock (safe; 3% risk of failure)
Press: ? - help, Shift-Dir - straight line, f/p - adder
Aim: an adder (severely wounded, 53% to hit)
The zap hits the adder.
The adder is almost dead.
You feel sick.
You are no longer poisoned.
The frilled lizard bites you.
* * * LOW HITPOINT WARNING * * *
The adder closely misses you.
It was a potion of enlightenment.
You feel very buoyant.
You fly up into the air.
The frilled lizard bites you but does no damage.
The adder bites you.
You die...

#.# #?#
#.##########
#...>......#
###.#....... .
#....[...###...
#..l.........#
#.@S...<.###..
#........#
#............ ..##
#.........#####...:
#..........#.......
#........#.........
############.).....
#....... #.......


You could see an adder and a frilled lizard.

Vanquished Creatures
  A gnoll (D:1)
  5 ball pythons (D:1)
  2 endoplasms
  A giant cockroach (D:2)
  2 goblins
  3 hobgoblins (D:1)
  7 jackals (D:1)
  2 quokkas (D:1)
  2 bats
  5 frilled lizards
  3 rats
33 creatures vanquished.

Notes
Turn   | Place    | Note
-------+----------+-------------------------------------------
     0 | D:1      | Azuregosa the Deep Elf Wanderer began the quest for the
                  | Orb.
     0 | D:1      | Azuregosa set off with the following items: a +0 dagger, 7
                  | boomerangs, a scroll of fear, a +0 robe; and the following
                  | spells available to memorise: Shock, Swiftness, Freeze,
                  | Cigotuvi's Dreadful Rot, Frozen Ramparts.
     0 | D:1      | Reached XP level 1. HP: 10/10 MP: 7/7
     2 | D:1      | Learned a level 1 spell: Shock
   111 | D:1      | Reached XP level 2. HP: 15/15 MP: 4/9
   259 | D:1      | Reached skill level 5 in Spellcasting
   735 | D:1      | Reached XP level 3. HP: 19/19 MP: 8/11
   739 | D:1      | Learned a level 3 spell: Swiftness
   867 | D:2      | Noticed Terence
  1141 | D:2      | Slain by an adder

Illustrated notes

Levels and vault maps discovered:
D:1:      minmay_arrival_three_doors, layout_rooms
D:2:      layout_rooms, uniq_terence

Skill      XL: |  1  2 |
---------------+-------+-----
Spellcasting   | 5 |  5.4
Throwing       | |  1.0
Dodging        | |  1.2
Ice Magic      | |  1.1
Air Magic      | |  4.6

Action                     || total
---------------------------++-------
   Cast: Shock             ||    70
         Swiftness         ||     1
    Use: Potion            ||     1
 Armour: Robe              ||    30
  Dodge: Dodged            ||    37

Table legend: (Time is in decaauts)
 A = Elapsed time spent in this place.
 B = Non-inter-level travel time spent in this place.
 C = Inter-level travel time spent in this place.
 D = Time resting spent in this place.
 E = Time spent auto-exploring this place.
 F = Levels seen in this place.
 G = Mean time per level.
                   A        B        C        D        E       F      G
               +--------+--------+--------+--------+--------+-----+--------+
         Total |   1141 |   1141 |      0 |    469 |    303 |   2 |  570.5 |
       Dungeon |   1141 |   1141 |      0 |    469 |    303 |   2 |  570.5 |
               +--------+--------+--------+--------+--------+-----+--------+

Top non-repeatable levels by time:
     D:1: 1067 daAuts
     D:2: 73 daAuts
